AoeStats
← CrazyBen

Arena

507313288Analyzed
4v4 RM · 14d ago on Sep 17, 2026· 46m 1s· 8 players
Game mode
Random Map
Map size
Large (8 player)
Population
200
Speed
Normal
Resources
Standard
Victory
Conquest
Starting age
Dark Age
Ending age
Imperial Age
RankedLock teamsTeams togetherTeam positionsShared explorationLock speedFull tech treeHidden civsTurbo modeCheats
Victory
Defeat
🇫🇷 Mongols · France
1515
+16
🇪🇸 Hindustanis · Spain
1498
+16
🇫🇷 Japanese · France
1485
+17
🇩🇪 Vietnamese · Germany
1470
+17
🇦🇷 Lithuanians · Argentina
1533
-18
🇭🇰 Teutons · Hong Kong SAR China
1520
-17
🇨🇳 Bulgarians · China
1519
-17
🇨🇱 Wei · Chile
1444
-14
Rosa Luxemburg
10:55 Feudal Age
14:56 Castle Age
14:10 Double-Bit Axe
14:09 Horse Collar
19:42 Bow Saw
19:40 Loom
24:34 Bloodlines
24:25 Husbandry
24:51 Sanctity
26:03 Fervor
29:37 Gold Mining
34:04 Imperial Age
32:13 Wheelbarrow
31:24 Town Watch
33:36 Hand Cart
33:42 Hand Cart
33:37 Scale Barding Armor
33:42 Forging
34:14 Hand Cart
34:54 Chain Barding Armor
34:45 Heavy Camel Rider
37:09 Plate Barding Armor
38:06 Iron Casting
38:54 Imperial Camel Rider
41:11 Fletching
42:13 Conscription
41:52 Light Cavalry
44:21 Gold Shaft Mining
Kawa
10:25 Feudal Age
14:15 Castle Age
12:44 Double-Bit Axe
14:00 Horse Collar
16:24 Loom
19:01 Wheelbarrow
20:01 Bow Saw
20:22 Heavy Plow
20:39 Stone Mining
22:27 Gold Mining
23:54 Loom
25:27 Hand Cart
28:02 Imperial Age
26:04 Fletching
27:36 Bodkin Arrow
27:36 Heated Shot
28:08 Ballistics
29:59 Two-Man Saw
29:31 Crop Rotation
32:54 Town Watch
33:11 Bracer
33:11 Padded Archer Armor
33:59 Fortified Wall
34:55 Chemistry
35:06 Stone Shaft Mining
37:06 Leather Archer Armor
37:01 Siege Engineers
36:51 Murder Holes
37:35 Paper Money
37:22 Elite Rattan Archer
38:35 Ring Archer Armor
39:39 Guilds
40:27 Scale Barding Armor
40:33 Forging
41:30 Hoardings
41:02 Chatras
42:59 Chain Barding Armor
43:15 Iron Casting
42:53 Bloodlines
42:43 Husbandry
42:28 Elite Battle Elephant
44:15 Plate Barding Armor
44:20 Iron Casting
CrazyBen
9:41 Loom
14:17 Feudal Age
15:05 Man-at-Arms
16:05 Arson
24:11 Castle Age
22:39 Double-Bit Axe
24:28 Pikeman
25:53 Squires
28:17 Bow Saw
27:58 Horse Collar
29:58 Wheelbarrow
34:29 Imperial Age
35:09 Halberdier
36:14 Scale Mail Armor
37:23 Chain Mail Armor
36:59 Fletching
37:12 Yasama
37:54 Forging
37:56 Guard Tower
38:26 Ballistics
39:07 Chemistry
39:18 Keep
38:30 Arrowslits
39:36 Bodkin Arrow
40:44 Chemistry
39:52 Siege Engineers
40:41 Plate Mail Armor
41:20 Conscription
40:55 Gold Mining
41:06 Stone Mining
42:15 Bracer
46:06 Iron Casting
46:01 Gambesons
45:36 Long Swordsman
berber.sinan
9:42 Feudal Age
11:19 Double-Bit Axe
11:36 Double-Bit Axe
14:12 Castle Age
11:55 Horse Collar
13:24 Double-Bit Axe
15:25 Bow Saw
18:42 Loom
21:34 Fletching
22:49 Bodkin Arrow
23:03 Husbandry
23:37 Bloodlines
25:37 Ballistics
27:53 Wheelbarrow
27:56 Heavy Plow
31:28 Imperial Age
29:52 Hand Cart
30:10 Padded Archer Armor
31:40 Thumb Ring
32:38 Conscription
32:22 Bracer
33:16 Coinage
32:27 Elite Mangudai
33:28 Leather Archer Armor
35:42 Banking
36:17 Chemistry
35:46 Parthian Tactics
37:55 Town Watch
38:50 Capped Ram
39:44 Siege Ram
41:28 Drill
[CL] Poeta Violento IX
8:25 Loom
11:00 Feudal Age
11:39 Double-Bit Axe
11:37 Horse Collar
15:21 Castle Age
15:23 Wheelbarrow
15:04 Gold Mining
15:05 Stone Mining
16:19 Bow Saw
17:00 Heavy Plow
20:16 Loom
21:34 Gold Shaft Mining
22:17 Scale Barding Armor
22:34 Forging
25:10 Chain Barding Armor
26:01 Bloodlines
27:16 Iron Casting
28:24 Hand Cart
27:58 Town Watch
28:24 Husbandry
29:53 Town Patrol
33:03 Imperial Age
32:01 Stone Shaft Mining
33:37 Coinage
33:32 Treadmill Crane
34:03 Masonry
34:54 Chemistry
34:16 Ballistics
33:52 Murder Holes
34:07 Fortified Wall
35:01 Blast Furnace
34:09 Heavy Hei Guang Cavalry
35:48 Fletching
36:26 Conscription
36:10 Tuntian
36:38 Ming Guang Armor
36:50 Hoardings
36:04 Light Cavalry
37:32 Bodkin Arrow
37:46 Thumb Ring
37:03 Elite Skirmisher
38:14 Bracer
38:26 Devotion
40:44 Faith
40:24 Hussar
41:35 Padded Archer Armor
41:36 Scale Mail Armor
43:07 Leather Archer Armor
YMK414
8:44 Feudal Age
8:47 Loom
9:30 Double-Bit Axe
21:04 Castle Age
18:56 Horse Collar
19:25 Gold Mining
22:10 Bow Saw
23:45 Wheelbarrow
24:07 Wheelbarrow
31:39 Imperial Age
29:13 Stone Mining
30:28 Padded Archer Armor
30:51 Hand Cart
30:28 Town Watch
31:22 Leather Archer Armor
31:52 Stone Shaft Mining
33:28 Chemistry
33:00 Ring Archer Armor
32:56 Conscription
33:46 Two-Man Saw
34:54 Fletching
35:27 Ballistics
37:27 Elite Skirmisher
38:22 Bodkin Arrow
[TOX2] A-c-Syno-666
9:52 Feudal Age
14:20 Castle Age
21:53 Loom
22:49 Horse Collar
23:15 Double-Bit Axe
24:38 Wheelbarrow
24:28 Scale Barding Armor
25:50 Bloodlines
26:29 Chain Barding Armor
27:00 Husbandry
27:56 Bow Saw
28:00 Heavy Plow
28:38 Stone Mining
31:02 Gold Mining
31:51 Forging
35:31 Hand Cart
36:08 Stone Shaft Mining
39:57 Imperial Age
39:10 Iron Casting
42:21 Imperial Age
43:44 Plate Barding Armor
42:36 Cavalier
44:25 Crop Rotation
Long-Long-Way
11:16 Feudal Age
14:43 Castle Age
12:45 Double-Bit Axe
14:07 Loom
15:53 Town Watch
22:46 Fletching
23:33 Bodkin Arrow
25:07 Scale Mail Armor
26:18 Wheelbarrow
28:16 Chain Mail Armor
29:27 Horse Collar
29:59 Bow Saw
42:45 Imperial Age
39:58 Pikeman
40:50 Forging
41:18 Hand Cart
41:34 Squires
41:20 Gambesons
43:21 Heavy Plow
42:49 Capped Ram
42:53 Halberdier
44:04 Plate Mail Armor
44:10 Iron Casting
44:06 Conscription
43:59 Siege Ram
Connection lost

Rejoining the realm…

Still unreachable

The connection could not be restored.

Session expired

The server has moved on; the page needs a fresh start.